 Dungeon Crawl Stone Soup version 0.27-a0-1196-g3e9cee4cb2 (webtiles) character file.

Game seed: 13844206189357903811

39 spiderkeys the Skirmisher (level 3, 0/26 HPs)
             Began as an Octopode Abyssal Knight on May 29, 2021.
             Was a Follower of Lugonu.
             Slain by a gnoll
             ... wielding a +0 spear
              (4 damage)
             ... on level 2 of the Dungeon.
             The game lasted 00:01:56 (1348 turns).

spiderkeys the Skirmisher (Octopode Abyssal Knight) Turns: 1348, Time: 00:01:57

Health: 0/26       AC:  1    Str: 12    XL:     3   Next: 45%
Magic:  4/4        EV: 13    Int: 14    God:    Lugonu [*.....]
Gold:   87         SH:  0    Dex: 11    Spells: 2/2 levels left

rFire    . . .     SeeInvis .   b - +0 hunting sling
rCold    . . .     Faith    .   (no shield)
rNeg     . . .     Spirit   .   (helmet restricted)
rPois    .         Reflect  .   (no amulet)
rElec    .         Harm     .   (no ring)
rCorr    .         Rampage  .   (no ring)
Will     .....                  (no ring)
Stlth    ++........             (no ring)
HPRegen  0.08/turn              (no ring)
MPRegen  0.09/turn              (no ring)
                                (no ring)
                                (no ring)

@: no status effects
A: almost no armour, amphibious, 8 rings, camouflage 1, gelatinous body 1,
(nimble swimmer 1), tentacles
a: Renounce Religion, Depart the Abyss


You were on level 2 of the Dungeon.
You worshipped Lugonu.
Lugonu was aware of your devotion.
You visited 1 branch of the dungeon, and saw 2 of its levels.
You visited the Abyss 1 time.

You collected 87 gold pieces.


Innate Abilities, Weirdness & Mutations

You cannot wear most types of armour.
You are amphibious.
You can wear up to eight rings at the same time.
Your skin changes colour to match your surroundings (Stealth+).
Your rubbery body absorbs attacks. (AC +1, EV +1)
((You are camouflaged near water. (Stealth+)))
You have tentacles for arms and can constrict up to eight enemies at once.


   Skills:
 + Level 3.3 Fighting
 * Level 2.7 Polearms
 + Level 2.7 Dodging
 + Level 2.5 Invocations


You had 2 spell levels left.
You didn't know any spells.
Your spell library contained the following spells:

 Spells                   Type           Power      Damage    Failure   Level
 Borgnjor's Revivificati  Necr           0%         N/A       100%        8
 Infestation              Necr           0%         N/A       100%        8
 Necromutation            Tmut/Necr      0%         N/A       100%        8
 Death's Door             Necr           0%         N/A       100%        9

Inventory:

Hand Weapons
 a - a +2 spear
 b - a +0 hunting sling (weapon)
   (You found it on level 2 of the Dungeon)
Missiles
 c - 11 sling bullets (quivered ammo)
 f - 24 stones
Potions
 d - 2 potions of mutation {!q}
 e - a potion of brilliance {unknown}

Dungeon Overview and Level Annotations

Branches:
Dungeon (2/15)

Altars:

.......## ##..# ...(....#
#####...# ...^(...#
#.....#.#
......(.###.#####.#######
#.......................
.........##.#####.###...#
........gg.........#..###
.>.......g..####†#.#.#
#.#.....#@##..........#
###.##...#..#..####...###
.....######.##.## ##...#
#........##.##.# #.#.#
#........##.##.# #.#.#
#..............# #...#
#...........#### #####
#..........####
#####.............#


You could see 3 gnolls.


Message History

You feel sick.
You climb upwards.
You feel sick.
There is a stone staircase leading down here. 😨 HP[-2]
You take 2 damage, and now have 10/26 hp.
You start resting.
You feel sick.
You are no longer poisoned. 😎 HP[+16]
Your hp is fully restored (26).
You climb downwards.
There is a stone staircase leading up here.
There is a stone staircase leading up here.
A giant cockroach comes into view.
You reach to attack!
The helpless giant cockroach fails to defend itself.
You hit the giant cockroach but do no damage.
You closely miss the giant cockroach. You grab the giant cockroach.
Your squeeze misses the giant cockroach.
You constrict the giant cockroach. The giant cockroach bites you. 😕 HP[-1]
You take 1 damage, and now have 25/26 hp.
A giant cockroach is nearby!
You hit the giant cockroach.
You kill the giant cockroach!
Lugonu accepts your kill.
No target in view!
Unknown command.
g - a scroll labelled SEANNI PIOCSENK 😎 HP[+1]
Your hp is fully restored (26).
As you read the scroll labelled IQUYTU KONOGH, it crumbles to dust.
It is a scroll of identify.
d - 2 potions of mutation
As you read the scroll labelled SEANNI PIOCSENK, it crumbles to dust.
It is a scroll of enchant weapon.
Your +1 spear glows red for a moment.
Found a stone staircase leading up.
A bat comes into view.
A bat is nearby!
You reach to attack!
You hit the bat.
You kill the bat!
Lugonu accepts your kill.
No target in view!
Unknown command.
You see here a +0 hunting sling.
b - a +0 hunting sling Adjust (i)tems, (s)pells, or (a)bilities?
Okay, then.
You now have 87 gold pieces (gained 8).
You see here a bat corpse.
Found a stone staircase leading down. 2 gnolls come into view.
The gnoll shouts! x2
b - a +0 hunting sling (weapon)
Fire: 17 sling bullets
Press: ? - help, Q - select action, (/) - cycle Shift-Dir - straight line, f - gnoll
Aim: a gnoll, wielding a +0 spear (60% to hit)
You shoot a sling bullet.
The sling bullet closely misses the gnoll.
Fire: 16 sling bullets
Press: ? - help, Q - select action, (/) - cycle Shift-Dir - straight line, f/p - gnoll
Aim: a gnoll, wielding a +0 spear (60% to hit)
You shoot a sling bullet. The sling bullet hits the gnoll!
A gnoll comes into view. It is wielding a +0 spear. x2
Fire: 15 sling bullets
Press: ? - help, Q - select action, (/) - cycle Shift-Dir - straight line, f/p - gnoll
Aim: a gnoll, wielding a +0 spear (heavily wounded, 60% to hit)
You shoot a sling bullet. The gnoll shouts!
The sling bullet hits the gnoll.
You kill the gnoll!
Lugonu accepts your kill.
Fire: 14 sling bullets
Press: ? - help, Q - select action, (/) - cycle Shift-Dir - straight line, f - gnoll
Aim: a gnoll, wielding a +0 flail (60% to hit)
You shoot a sling bullet. The sling bullet hits the gnoll.
The gnoll barely misses you.
Fire: 13 sling bullets
Press: ? - help, Q - select action, (/) - cycle Shift-Dir - straight line, f/p - gnoll
Aim: a gnoll, wielding a +0 flail (moderately wounded, 60% to hit)
You shoot a sling bullet. The sling bullet hits the gnoll.
The gnoll hits you with a +0 flail! 😮 HP[-8]
You take 8 damage, and now have 18/26 hp.
MASSIVE DAMAGE!! (PAUSE) Fire: 12 sling bullets
Press: ? - help, Q - select action, (/) - cycle Shift-Dir - straight line, f/p - gnoll
Aim: a gnoll, wielding a +0 flail (severely wounded, 60% to hit)
You shoot a sling bullet. The sling bullet hits the gnoll.
The gnoll barely misses you.
The gnoll hits you from afar with a +0 spear.
* * * LOW HITPOINT WARNING * * *
😨 HP[-5]
You take 5 damage, and now have 13/26 hp.
There is a stone staircase leading up here.
The gnoll closely misses you.
The gnoll hits you from afar with a +0 spear!
* * * LOW HITPOINT WARNING * * *
The gnoll hits you from afar with a +0 spear.
You die...

Action                   || total
-------------------------++-------
Melee: Spear             ||    40
       Constrict         ||     6
       Tentacles         ||     2
 Fire: Hunting sling     ||     6
Invok: Depart the Abyss  ||     1
  Use: Scroll            ||     2
 Stab: Sleeping          ||     4
Armor: Skin              ||     3
Dodge: Dodged            ||    16

Levels and vault maps discovered:
D:1:      amcnicky_arrival_single_pillar, layout_rooms
D:2:      layout_rooms

Notes
Turn   | Place    | Note
-------+----------+-------------------------------------------
     0 | Abyss:1  | spiderkeys the Octopode Abyssal Knight began the quest for
                  | the Orb.
     0 | Abyss:1  | Reached XP level 1. HP: 16/16 MP: 2/2
     0 | Abyss:1  | magus.rc [v1.9.10]
    15 | Abyss:1  | Noticed a red very ugly thing
    16 | Abyss:1  | Noticed a red very ugly thing
    16 | Abyss:1  | Noticed a red ugly thing
    16 | Abyss:1  | Noticed a red very ugly thing
    16 | Abyss:1  | Noticed a red very ugly thing
    17 | Abyss:1  | Noticed a red ugly thing
    36 | Abyss:1  | Noticed a large abomination
    52 | Abyss:2  | You add the spells Borgnjor's Revivification, Infestation,
                  | Necromutation and Death's Door to your library.
    58 | Abyss:2  | Noticed a wretched star
    58 | Abyss:2  | Noticed a neqoxec
    58 | Abyss:2  | Noticed a small abomination
    58 | Abyss:2  | Noticed a raiju
    59 | D:1      | You pass through the gate.
    59 | D:1      | Escaped the Abyss
   270 | D:1      | Reached * piety under Lugonu
   273 | D:1      | Reached XP level 2. HP: 21/21 MP: 3/3
   803 | D:2      | HP: 4/21 [goblin/stone (3)]
  1049 | D:2      | Reached XP level 3. HP: 12/26 MP: 4/4
  1348 | D:2      | HP: 4/26 [gnoll/+0 spear (9)]
  1348 | D:2      | Slain by a gnoll

Vanquished Creatures
  A gnoll (D:2)
  An adder (D:2)
  3 bats
  3 endoplasms (D:1)
  2 giant cockroaches
  2 goblins (D:1)
  A quokka (D:1)
  A frilled lizard (D:1)
  3 kobolds (D:1)
  2 rats (D:1)
19 creatures vanquished.

Table legend:
 A = Non-vault XP
 B = Vault XP
 C = Vault XP percentage of total XP
 D = Non-vault monster count
 E = Vault monster count
 F = Vault count percentage of total count
                 A         B        C        D         E       F
            +---------+---------+-------+---------+---------+-------
      Total |      56 |       0 |   0.0 |      19 |       0 |   0.0
            +---------+---------+-------+---------+---------+-------
        D:1 |      25 |       0 |   0.0 |      15 |       0 |   0.0
        D:2 |      31 |       0 |   0.0 |       4 |       0 |   0.0
            +---------+---------+-------+---------+---------+-------

Illustrated notes

Table legend:
 A = Kills in this place as a percentage of kills in entire the game.
 B = Kills by you in this place as a percentage of kills by you in the entire game.
 C = Kills by friends in this place as a percentage of kills by friends in the entire game.
 D = Other kills in this place as a percentage of other kills in the entire game.
 E = Experience gained in this place as a percentage of experience gained in the entire game.
 F = Experience gained in this place divided by the number of levels of this place that you have seen.
                   A       B       C       D       E      F
               +-------+-------+-------+-------+-------+----------------------
         Total | 100.0 | 100.0 |   N/A |   N/A | 100.0 |  14.0
       Dungeon | 100.0 | 100.0 |   N/A |   N/A | 100.0 |  28.0
               +-------+-------+-------+-------+-------+----------------------

Table legend: (Time is in decaauts)
 A = Elapsed time spent in this place.
 B = Non-inter-level travel time spent in this place.
 C = Inter-level travel time spent in this place.
 D = Time resting spent in this place.
 E = Time spent auto-exploring this place.
 F = Levels seen in this place.
 G = Mean time per level.
                   A        B        C        D        E       F      G
               +--------+--------+--------+--------+--------+-----+--------+
         Total |   1349 |   1324 |     25 |    441 |    701 |   4 |  337.2 |
       Dungeon |   1290 |   1265 |     25 |    441 |    701 |   2 |  645.0 |
         Abyss |     58 |     58 |      0 |      0 |      0 |   2 |   29.0 |
               +--------+--------+--------+--------+--------+-----+--------+

Top non-repeatable levels by time:
     D:1: 1178 daAuts
     D:2: 112 daAuts
 Abyss:1: 39 daAuts
 Abyss:2: 19 daAuts
